AoeStats
← Shoggi

Oasis

509940245Analyzed
4v4 RM · 3d ago on Sep 28, 2026· 70m 7s· 8 players
Game mode
Random Map
Map size
Large (8 player)
Population
200
Speed
Normal
Resources
Standard
Victory
Conquest
Starting age
Dark Age
Ending age
Imperial Age
RankedLock teamsTeams togetherTeam positionsShared explorationLock speedFull tech treeHidden civsTurbo modeCheats
Victory
Defeat
🇨🇭 Persians · Switzerland
1460
+8
🇨🇭 Mongols · Switzerland
1247
+16
🇨🇭 Bohemians · Switzerland
1211
+18
🇨🇭 Danes · Switzerland
1188
+19
🇸🇪 Britons · Sweden
1270
-16
🇸🇪 Teutons · Sweden
1255
-15
🇸🇪 Varangians · Sweden
1252
-15
🇸🇪 Danes · Sweden
1248
-15
Havsutsikt
7:14 Loom
9:00 Feudal Age
11:08 Double-Bit Axe
12:51 Man-at-Arms
17:00 Horse Collar
21:47 Castle Age
19:55 Fletching
22:19 Crossbowman
23:30 Bodkin Arrow
25:00 Heavy Plow
26:21 Wheelbarrow
31:47 Bow Saw
33:18 Ballistics
37:50 Hand Cart
37:54 Town Watch
38:24 Masonry
38:24 Fortified Wall
40:52 Imperial Age
39:11 Yeomen
40:36 Long Swordsman
40:48 Pikeman
41:28 Squires
41:11 Arbalester
43:12 Halberdier
49:36 Conscription
53:29 Two-Man Saw
55:30 Bracer
55:30 Padded Archer Armor
58:52 Leather Archer Armor
58:34 Elite Skirmisher
59:32 Caravan
60:20 Coinage
Sir Percival
7:39 Loom
8:27 Loom
11:16 Feudal Age
10:05 Loom
16:04 Castle Age
16:49 Scale Barding Armor
20:43 Husbandry
24:38 Bloodlines
25:02 Double-Bit Axe
29:35 Horse Collar
31:58 Forging
33:34 Chain Barding Armor
33:30 Guard Tower
33:57 Fortified Wall
39:39 Masonry
45:40 Imperial Age
44:26 Fletching
46:02 Heavy Plow
47:19 Conscription
51:07 Wheelbarrow
52:42 Elite Jarl
54:47 Plate Barding Armor
55:13 Iron Casting
Lord Pittbull
2:33 Loom
10:03 Feudal Age
16:49 Castle Age
34:24 Wheelbarrow
35:00 Double-Bit Axe
35:00 Horse Collar
44:35 Imperial Age
42:46 Heavy Plow
44:09 Bow Saw
45:51 Onager
49:28 Elite Varangian Guard
49:57 Gambesons
50:13 Squires
50:00 Arson
51:57 Scale Mail Armor
52:07 Forging
52:55 Chain Mail Armor
Blaich
9:52 Feudal Age
10:25 Horse Collar
10:31 Double-Bit Axe
17:47 Castle Age
16:43 Loom
17:35 Wheelbarrow
17:17 Scale Barding Armor
18:00 Bloodlines
18:54 Bow Saw
18:52 Heavy Plow
26:29 Forging
37:59 Imperial Age
39:43 Chain Barding Armor
39:58 Iron Casting
39:15 Fletching
41:15 Plate Barding Armor
41:16 Iron Casting
40:07 Cavalier
41:59 Hand Cart
43:00 Two-Man Saw
43:01 Caravan
49:29 Scale Mail Armor
51:24 Squires
51:10 Arson
51:50 Chain Mail Armor
50:56 Pikeman
52:07 Halberdier
53:52 Plate Mail Armor
54:23 Blast Furnace
53:18 Bodkin Arrow
57:49 Coinage
57:37 Guilds
59:22 Banking
63:49 Conscription
Shoggi
5:59 Loom
8:39 Feudal Age
9:14 Horse Collar
9:22 Double-Bit Axe
15:08 Horse Collar
20:36 Castle Age
19:26 Scale Barding Armor
20:54 Bloodlines
21:33 Wheelbarrow
21:37 Forging
22:30 Gold Mining
27:40 Husbandry
29:56 Chain Barding Armor
32:30 Bow Saw
33:43 Heavy Plow
37:24 Imperial Age
35:50 Iron Casting
35:38 Stone Mining
36:12 Hand Cart
35:45 Town Watch
36:26 Hand Cart
37:12 Cavalier
38:28 Plate Barding Armor
39:08 Blast Furnace
38:59 Savar
40:42 Fletching
41:29 Light Cavalry
44:16 Two-Man Saw
43:47 Crop Rotation
43:49 Coinage
45:00 Caravan
45:28 Hussar
63:59 Bodkin Arrow
64:26 Ballistics
65:07 Chemistry
64:19 Masonry
64:46 Hoardings
64:31 Conscription
66:06 Citadels
Zuff
6:58 Loom
9:21 Feudal Age
10:43 Double-Bit Axe
17:32 Fletching
19:04 Padded Archer Armor
26:42 Castle Age
33:53 Castle Age
44:35 Wheelbarrow
48:36 Hand Cart
59:29 Imperial Age
59:54 Chemistry
60:32 Siege Engineers
60:58 Conscription
61:07 Pikeman
61:48 Squires
61:51 Scale Mail Armor
63:19 Houfnice
63:52 Arson
64:20 Forging
64:22 Town Watch
68:44 Halberdier
Sisyphedelamottas
2:58 Loom
10:10 Feudal Age
8:27 Loom
10:26 Man-at-Arms
11:23 Double-Bit Axe
13:55 Scale Mail Armor
17:57 Forging
21:26 Horse Collar
22:39 Arson
29:38 Castle Age
28:19 Wheelbarrow
30:07 Gambesons
30:23 Squires
31:57 Iron Casting
35:55 Ballistics
38:41 Hand Cart
42:14 Town Watch
46:27 Imperial Age
43:54 Gold Mining
43:57 Stone Mining
44:10 Heavy Plow
45:18 Gold Shaft Mining
45:19 Stone Shaft Mining
44:13 Hamask
47:43 Siege Engineers
48:44 Chemistry
48:04 Elite Varangian Guard
49:47 Onager
54:02 Chain Mail Armor
56:46 Murder Holes
57:25 Northmen's Fury
57:51 Siege Onager
59:47 Caravan
68:32 Blast Furnace
68:03 Plate Mail Armor
67:23 Fletching
67:34 Padded Archer Armor
Damzleboss
9:37 Feudal Age
14:23 Castle Age
12:18 Double-Bit Axe
13:50 Horse Collar
16:44 Wheelbarrow
21:01 Heavy Plow
22:53 Forging
22:49 Scale Barding Armor
23:09 Bloodlines
24:38 Husbandry
32:52 Gold Mining
36:11 Chain Barding Armor
36:27 Iron Casting
38:54 Imperial Age
38:31 Fletching
39:14 Cavalier
40:42 Conscription
41:41 Elite Steppe Lancer
42:04 Capped Ram
45:18 Ballistics
45:59 Chemistry
45:01 Bodkin Arrow
45:02 Heavy Camel Rider
51:15 Gold Shaft Mining
51:23 Elite Mangudai
53:48 Bracer
54:50 Blast Furnace
54:19 Siege Ram
58:23 Drill
60:31 Onager
61:51 Siege Onager
Connection lost

Rejoining the realm…

Still unreachable

The connection could not be restored.

Session expired

The server has moved on; the page needs a fresh start.